[Event "*** SCC Grand Prix: Titled Tuesday Blitz"]
[Site "Chess.com"]
[Date "2020.10.13"]
[Round "2"]
[White "Hikaru"]
[Black "Aygehovit1992"]
[Result "1-0"]
[WhiteElo "3210"]
[BlackElo "2622"]
[TimeControl "180+1"]
[EndTime "10:15:28 PDT"]
[Termination "Hikaru won by resignation"]

1. e4 d6 2. d4 Nf6 3. Nc3 g6 4. f4 Bg7 5. Nf3 O-O 6. e5 dxe5 7. fxe5 Nd5 8. Bc4 Nb6 9. Bd3 Nc6 10. Be4 Bg4 11. Ne2 f5 12. Bxc6 bxc6 13. O-O Bxf3 14. gxf3 c5 15. dxc5 Qxd1 16. Rxd1 Nc4 17. f4 Rfd8 18.
Rd3 e6 19. b3 Na5 20. Be3 Rxd3 21. cxd3 Rd8 22. d4 Nc6 23. a3 Ne7 24. Nc3 c6 25. b4 a6 26. a4 Rb8 27. Rb1 Nd5 28. Nxd5 exd5 29. b5 Kf7 30. b6 Ke6 31. Kf2 Kd7 32. h4 Bf8 33. h5 Be7 34. hxg6 hxg6 35. Rh1 1-0

[Event "*** SCC Grand Prix: Titled Tuesday Blitz"]
[Site "Chess.com"]
[Date "2020.10.13"]
[Round "2"]
[White "Harsha_Bharathakoti"]
[Black "elisak43"]
[Result "1-0"]
[WhiteElo "2756"]
[BlackElo "2512"]
[TimeControl "180+1"]
[EndTime "10:15:35 PDT"]
[Termination "Harsha_Bharathakoti won by resignation"]

1. d4 f5 2. c4 Nf6 3. Nc3 g6 4. Bg5 Bg7 5. h4 O-O 6. e3 d6 7.
Qc2 h6 8. Bxf6 Bxf6 9. O-O-O c6 10. g4 Bg7 11. gxf5 Bxf5 12. Bd3 Qa5 13. Nge2 Bxd3 14.
Qxd3 Qf5 15. Qxf5 Rxf5 16. Rdg1 Kh7 17. f4 Nd7 18. Ng3 Rf7 19. h5 gxh5 20. Nxh5 e5 21.
dxe5 dxe5 22. f5 Nf6 23. Rxg7+ 1-0

[Event "*** SCC Grand Prix: Titled Tuesday Blitz"]
[Site "Chess.com"]
[Date "2020.10.13"]
[Round "2"]
[White "gumimis"]
[Black "djano"]
[Result "0-1"]
[WhiteElo "2244"]
[BlackElo "2458"]
[TimeControl "180+1"]
[EndTime "10:15:35 PDT"]
[Termination "djano won on time"]

1. e4 g6 2. d4 Bg7 3. Nc3 a6 4. f4 b5 5. Nf3 Bb7 6. Bd3 d6 7.
O-O Nd7 8. a3 c5 9. Be3 Ngf6 10.
e5 Ng4 11. Qe2 Nxe3 12. Qxe3 cxd4 13. Nxd4 dxe5 14. fxe5 Nxe5 15. Rad1 O-O 16. Kh1 Ng4 17.
Qg3 Ne5 18. Be4 Qb6 19. Nd5 Bxd5 20. Bxd5 Rad8 21. c4 bxc4 22. Nf3 Nd3 23. Bxc4 Nxb2 24. Bxf7+ Rxf7 25. Rxd8+ Qxd8 26. Qf2 Nd3 27. Qe2 Nf4 28. Ng5 Nxe2 0-1

[Event "*** SCC Grand Prix: Titled Tuesday Blitz"]
[Site "Chess.com"]
[Date "2020.10.13"]
[Round "2"]
[White "Siemba"]
[Black "paulrusan"]
[Result "1-0"]
[WhiteElo "2429"]
[BlackElo "2205"]
[TimeControl "180+1"]
[EndTime "10:15:39 PDT"]
[Termination "Siemba won by resignation"]

1. b4 e5 2. a3 a5 3. Bb2 axb4 4. axb4 Rxa1 5. Bxa1 Bxb4 6. Bxe5 Nf6 7. e3 O-O 8. Nf3 Re8 9. Be2 Nc6 10. Bb2 d5 11. O-O Bg4 12. c4 dxc4 13. Bxc4 Ne4 14. Qb3 Nd6 15.
Bd5 Bc5 16. Qc3 Nf5 17. Qxc5 Qd6 18. Qxd6 Nxd6 19. Bxc6 bxc6 20. h3 Bxf3 21. gxf3 Nc4 22. Bd4 Rb8 23. d3 Nd6 24. Nd2 Nb5 25. Ba1 Ra8 26.
Nc4 Ra2 27. Ne5 Rc2 28. d4 f6 29. Nd3 h5 30. Rc1 Ra2 31. Nb4 Ra4 32. Nxc6 Nd6 33.
Kg2 Nf5 34. Bc3 Ra2 35. e4 Nh4+ 36. Kg3 Ng6 37. h4 Kf7 38. Ba5 Nf8 39. Bxc7 Ne6 40. Nd8+ Nxd8 41. Bxd8 1-0

[Event "*** SCC Grand Prix: Titled Tuesday Blitz"]
[Site "Chess.com"]
[Date "2020.10.13"]
[Round "2"]
[White "Shivagami"]
[Black "Semen16"]
[Result "0-1"]
[WhiteElo "2237"]
[BlackElo "2453"]
[TimeControl "180+1"]
[EndTime "10:15:43 PDT"]
[Termination "Semen16 won by resignation"]

1. d4 d5 2. c4 dxc4 3. e4 e5 4. d5 Nf6 5. Nc3 b5 6. f3 b4 7. Na4 Ba6 8. Qc2 Qd7 9. Bd2 c6 10.
Bxc4 cxd5 11. exd5 Be7 12. b3 O-O 13. Ne2 Nxd5 14.
O-O Bxc4 15. Qxc4 Rc8 16. Qe4 Nc6 17. Rfd1 f5 18. Qd3 Qe6 19. Ng3 g6 20. Bh6 Nd4 21. Be3 Nxe3 22. Qxe3 Nc2 0-1

[Event "*** SCC Grand Prix: Titled Tuesday Blitz"]
[Site "Chess.com"]
[Date "2020.10.13"]
[Round "2"]
[White "IMDT02"]
[Black "tptagain"]
[Result "0-1"]
[WhiteElo "2569"]
[BlackElo "2868"]
[TimeControl "180+1"]
[EndTime "10:15:45 PDT"]
[Termination "tptagain won by resignation"]

1. e4 c6 2. d4 d5 3. e5 Bf5 4.
Nf3 e6 5. Be2 Ne7 6. O-O Bg6 7. c3 Nf5 8. Nbd2 c5 9. dxc5 Bxc5 10. Nb3 Bb6 11. a4 a6 12. a5 Ba7 13. Nbd4 Nc6 14. Nxc6 bxc6 15. Bxa6 Bxf2+ 16. Rxf2 Rxa6 17.
b4 O-O 18. Nd4 c5 19. b5 Rxa5 20. Nc6 Rxa1 21. Nxd8 Rxd8 22. Rf1 Ne3 23. Bxe3 Rxd1 24. Rxd1 Rb8 25. Ra1 h5 26. Ra5 Bd3 27. Bxc5 Bxb5 28. Bd6 Rb7 29. Ra8+ Kh7 30. Rb8 Rxb8 31. Bxb8 Kg6 32.
Kf2 Kf5 33. Ke3 f6 34. Kd4 Bf1 35. g3 Kg4 36. Bd6 Kh3 37. Bf8 Kxh2 38. Bxg7 f5 39. Ke3 Kxg3 40. Bh6 h4 41. Bf4+ Kg2 0-1

[Event "*** SCC Grand Prix: Titled Tuesday Blitz"]
[Site "Chess.com"]
[Date "2020.10.13"]
[Round "2"]
[White "niki_2003"]
[Black "ChronicUnhappiness"]
[Result "0-1"]
[WhiteElo "1745"]
[BlackElo "2354"]
[TimeControl "180+1"]
[EndTime "10:15:46 PDT"]
[Termination "ChronicUnhappiness won by resignation"]

1. d4 d5 2. c4 e6 3. Nc3 Bb4 4.
a3 Bxc3+ 5. bxc3 c5 6. cxd5 exd5 7. g3 Qa5 8. Bb2 Nc6 9. e3 Nf6 10. Bg2 cxd4 11. exd4 O-O 12. Ne2 Re8 13. O-O Bg4 14. f3 Bf5 15. g4 Bg6 16. f4 Be4 17. Ng3 Bxg2 18. Kxg2 Ne4 19. Nxe4 Rxe4 20. Re1 Rae8 21. Qd2 Qb5 22. Rxe4 Rxe4 23. Kf2 Na5 24. a4 Qe8 25.
Re1 Nc4 26. Rxe4 Qxe4 27. Qc1 h6 28. Ba1 Qd3 29. Qf1 Qxf1+ 30. Kxf1 Ne3+ 31. Kf2 Nxg4+ 32. Kg3 f5 33. h3 Nf6 34. Kf3 Ne4 35. Ke3 Nd6 36.
Bb2 Nc4+ 0-1

[Event "*** SCC Grand Prix: Titled Tuesday Blitz"]
[Site "Chess.com"]
[Date "2020.10.13"]
[Round "2"]
[White "rasmussvane"]
[Black "vlad_Sid"]
[Result "1-0"]
[WhiteElo "2906"]
[BlackElo "2580"]
[TimeControl "180+1"]
[EndTime "10:15:47 PDT"]
[Termination "rasmussvane won by resignation"]

1. Nf3 d5 2. g3 Bg4 3. Bg2 Nd7 4. O-O Ngf6 5. h3 Bxf3 6. Bxf3 c6 7. d3 e5 8. e4 dxe4 9. dxe4 Bc5 10. Nd2 Qc7 11.
Qe2 O-O 12. a4 a5 13. Kg2 Rfe8 14. Nb3 Bb6 15. Rd1 Rad8 16. Bd2 Nc5 17. Qc4 Nxb3 18.
Qxb3 Bc5 19. Bc3 Bd4 20. Be1 Qb6 21. Qxb6 Bxb6 22. Rab1 Rxd1 23. Rxd1 Rd8 24. Rb1 Rd4 25.
b3 Bc7 26. Kf1 Kf8 27. Bc3 Rd7 28. Ke2 Ke7 29. h4 h5 30. Bg2 g6 31. Bh3 Rd8 32. b4 axb4 33. Bxb4+ Ke8 34. Bc5 Rb8 35. Ba7 Rd8 36.
Rxb7 Bd6 37. f3 Bb4 38. Rxb4 1-0

[Event "*** SCC Grand Prix: Titled Tuesday Blitz"]
[Site "Chess.com"]
[Date "2020.10.13"]
[Round "2"]
[White "Klavdia_Nik"]
[Black "ApacheSVD"]
[Result "0-1"]
[WhiteElo "2131"]
[BlackElo "2397"]
[TimeControl "180+1"]
[EndTime "10:15:49 PDT"]
[Termination "ApacheSVD won on time"]

1. Nf3 c5 2. c4 Nf6 3. g3 d5 4.
Bg2 d4 5. O-O Nc6 6. d3 e5 7. b4 cxb4 8. a3 bxa3 9. Bxa3 Bxa3 10.
Nxa3 O-O 11. Nd2 Bd7 12. Nb5 a6 13. Nd6 Qc7 14. N6e4 Nxe4 15. Nxe4 Nb4 16. Qb3 a5 17. Rfc1 Bc6 18. f3 Kh8 19. Nd2 Qe7 20. Nb1 f5 21.
Na3 Qg5 22. Nc2 Nxc2 23. Qxc2 Qe3+ 24. Kh1 e4 0-1

[Event "*** SCC Grand Prix: Titled Tuesday Blitz"]
[Site "Chess.com"]
[Date "2020.10.13"]
[Round "2"]
[White "oogee"]
[Black "Sven_Tica"]
[Result "0-1"]
[WhiteElo "2255"]
[BlackElo "2644"]
[TimeControl "180+1"]
[EndTime "10:15:52 PDT"]
[Termination "Sven_Tica won by resignation"]

1. d4 d5 2. c4 e6 3. Nc3 Nf6 4. cxd5 exd5 5. Bg5 c6 6. e3 Be6 7. Bd3 Nbd7 8. Nge2 h6 9. Bh4 g5 10. Bg3 Nh5 11. Qc2 Nxg3 12. Nxg3 h5 13. O-O-O h4 14. Nf5 Qf6 15. e4 Bxf5 16. exf5 Bd6 17. Rhe1+ Kf8 18. Be2 Kg7 19. g3 h3 20. Bg4 Rae8 21. Re3 Qh6 22. Qe2 Nf6 23. Bf3 Rxe3 24. fxe3 Re8 25. Kb1 g4 26.
Bh1 Qxe3 27. Qc2 Bb4 28. Na4 Qe2 29. Rc1 Qxc2+ 30. Rxc2 Re1+ 31. Rc1 Nh5 32. Rxe1 Bxe1 33. Nc5 Bxg3 0-1

[Event "*** SCC Grand Prix: Titled Tuesday Blitz"]
[Site "Chess.com"]
[Date "2020.10.13"]
[Round "2"]
[White "diamonds13"]
[Black "Alexandercs432"]
[Result "1-0"]
[WhiteElo "2413"]
[BlackElo "2175"]
[TimeControl "180+1"]
[EndTime "10:15:52 PDT"]
[Termination "diamonds13 won on time"]

1. d4 d5 2. c4 dxc4 3. e3 Nf6 4. Nf3 e6 5. Bxc4 a6 6. O-O c5 7. a4 Nc6 8. Nc3 Be7 9. Qe2 O-O 10. Rd1 Qc7 11.
d5 exd5 12. Nxd5 Nxd5 13. Bxd5 Nb4 14. Bc4 Bg4 15. h3 Bh5 16. Bd2 Rac8 17. Rac1 Nc6 18.
Bd5 Rfd8 19. Bc3 Bd6 20. Qc4 Bxf3 21. Bxf3 Ne5 22. Bxe5 Bxe5 23. Rxd8+ Rxd8 24. Qxc5 Qxc5 25. Rxc5 Bxb2 26. Bxb7 Rd1+ 27. Kh2 Rc1 28. Rxc1 Bxc1 29. Bxa6 Bd2 30. Kg3 Kf8 31. Kf4 Ke7 32. Ke5 Kd7 33. Bc4 f6+ 34. Kf5 Kd6 35. Bg8 h6 36. Kg6 Be1 37. f3 Bd2 38. e4 Ke5 39. Kxg7 Kf4 40.
Kxf6 Kg3 41. e5 Kxg2 42. e6 Kxf3 43. e7 Bg5+ 44. Kf7 Bxe7 45. Kxe7 Kg3 46. Be6 1-0

[Event "*** SCC Grand Prix: Titled Tuesday Blitz"]
[Site "Chess.com"]
[Date "2020.10.13"]
[Round "2"]
[White "mirceaparligras"]
[Black "canary2016"]
[Result "1-0"]
[WhiteElo "2633"]
[BlackElo "1951"]
[TimeControl "180+1"]
[EndTime "10:15:53 PDT"]
[Termination "mirceaparligras won by checkmate"]

1. d4 d5 2. c4 c6 3. Nf3 Nf6 4. e3 Bf5 5. Nc3 e6 6. Nh4 Be4 7. f3 Bg6 8. Qb3 Qc7 9. Bd2 Be7 10. Rc1 Nbd7 11. g3 Qb6 12. Qxb6 axb6 13. Nxg6 hxg6 14.
cxd5 exd5 15. a4 Bd6 16. Kf2 Bb4 17. b3 Ba3 18. Re1 O-O 19. g4 Ne8 20. h4 Nc7 21. g5 Rfe8 22. h5 gxh5 23. Rxh5 Nf8 24. Bd3 Nfe6 25.
f4 Be7 26. Reh1 f6 27. Rh8+ Kf7 28. g6# 1-0

[Event "*** SCC Grand Prix: Titled Tuesday Blitz"]
[Site "Chess.com"]
[Date "2020.10.13"]
[Round "2"]
[White "C_K_G"]
[Black "Vamostodorecto"]
[Result "0-1"]
[WhiteElo "2023"]
[BlackElo "2374"]
[TimeControl "180+1"]
[EndTime "10:15:54 PDT"]
[Termination "Vamostodorecto won by resignation"]

1. e4 e5 2. Nf3 Nc6 3. Bc4 Bc5 4. c3 d6 5. d4 exd4 6. cxd4 Bb6 7. h3 Nf6 8. Nc3 O-O 9. Bg5 h6 10. Bh4 g5 11.
Nxg5 hxg5 12. Bxg5 Bxd4 13. Qf3 Ne5 14. Qg3 Ng6 15. h4 Bxc3+ 16. bxc3 Nxe4 17. Qf3 Nxg5 18. hxg5 Qxg5 19. Rh5 Qf4 20. Qd3 Kg7 21. Kf1 Bg4 22. Rh1 Rh8 23. Rg1 Rae8 24. Re1 Rxe1+ 25. Kxe1 Re8+ 26.
Kf1 Qc1+ 0-1

[Event "*** SCC Grand Prix: Titled Tuesday Blitz"]
[Site "Chess.com"]
[Date "2020.10.13"]
[Round "2"]
[White "Sesleria"]
[Black "GM_Huschenbeth"]
[Result "0-1"]
[WhiteElo "2033"]
[BlackElo "2391"]
[TimeControl "180+1"]
[EndTime "10:15:55 PDT"]
[Termination "GM_Huschenbeth won by resignation"]

1. d4 d5 2. c4 dxc4 3. Nf3 Nf6 4. e3 Bg4 5. Bxc4 e6 6. Qb3 Bxf3 7. gxf3 Nbd7 8.
Qxb7 c5 9. Nc3 cxd4 10. exd4 Be7 11. Bf4 O-O 12. O-O Nb6 13. Be2 Bd6 14. Be5 Bxe5 15. dxe5 Nfd5 16. Kh1 Nxc3 17. bxc3 Qd2 18. Bb5 Nd5 19. Rad1 Qxc3 20. Bc6 Qxf3+ 21. Kg1 Qg4+ 22.
Kh1 Qf3+ 23. Kg1 Rab8 24. Bxd5 Qg4+ 25. Kh1 Rxb7 26. Bxb7 Rb8 27. Rd7 h5 28. Rfd1 Rxb7 0-1

[Event "*** SCC Grand Prix: Titled Tuesday Blitz"]
[Site "Chess.com"]
[Date "2020.10.13"]
[Round "2"]
[White "RoelandPruijssers"]
[Black "kidagent"]
[Result "1-0"]
[WhiteElo "2493"]
[BlackElo "2279"]
[TimeControl "180+1"]
[EndTime "10:15:58 PDT"]
[Termination "RoelandPruijssers won by resignation"]

1. e4 c5 2. Nf3 d6 3. d4 cxd4 4. Nxd4 Nf6 5. Nc3 a6 6. Be3 e5 7.
Nb3 Be7 8. Qd2 O-O 9. O-O-O b5 10. f4 Be6 11. fxe5 dxe5 12. Qxd8 Rxd8 13. Rxd8+ Bxd8 14. Nc5 Nc6 15. Nxe6 fxe6 16. a3 Ba5 17. b4 Bc7 18.
Bd3 Nd4 19. Ne2 Rd8 20. Ng3 Bb6 21. Re1 Ng4 22. Bg1 Nb3+ 23. Kb2 Bxg1 24. Rxg1 Nd4 25.
h3 Nf6 26. Rd1 Rc8 27. c3 Nc6 28. a4 Rd8 29. axb5 axb5 30. Kc2 Na7 31. Ra1 Rd7 32. Ra6 Kf7 33. Rb6 h5 34. h4 g6 35. Bxb5 Nxb5 36. Rxb5 Ng4 37. Nf1 Kf6 38. Rb8 g5 39. g3 gxh4 40.
gxh4 Rg7 41. b5 Nf2 42. Nd2 Rd7 43. Rf8+ Ke7 44. Rxf2 1-0

[Event "*** SCC Grand Prix: Titled Tuesday Blitz"]
[Site "Chess.com"]
[Date "2020.10.13"]
[Round "2"]
[White "iwanyu"]
[Black "WuinaterJr"]
[Result "1-0"]
[WhiteElo "2799"]
[BlackElo "2529"]
[TimeControl "180+1"]
[EndTime "10:16:03 PDT"]
[Termination "iwanyu won by resignation"]

1. e4 c5 2. Nf3 d6 3. d4 cxd4 4. Nxd4 Nf6 5. Nc3 a6 6. h3 e5 7. Nde2 h5 8. Ng1 Be7 9. Nf3 b5 10. Bg5 Nbd7 11. a3 Bb7 12. Bd3 Rc8 13. O-O Nb6 14.
Re1 Nc4 15. Bxc4 Rxc4 16. Nd2 Rc8 17. Nf1 Qd7 18. Bxf6 Bxf6 19. Ne3 Bg5 20. Ned5 Qe6 21. a4 bxa4 22. Rxa4 g6 23. Rb4 Bxd5 24. Nxd5 O-O 25. c3 f5 26. Qd3 fxe4 27. Qxe4 Rf7 28. Rb6 Rcf8 29. Re2 Kh7 30. Rxa6 Qd7 31. b4 Bh6 32. c4 Bg7 33. b5 Qd8 34. c5 dxc5 35.
Rxg6 Kg8 36. b6 Rd7 37. Qxe5 c4 38. Ne7+ Rxe7 39. Qxe7 Qxe7 40. Rxe7 c3 41. Rgxg7+ 1-0

[Event "*** SCC Grand Prix: Titled Tuesday Blitz"]
[Site "Chess.com"]
[Date "2020.10.13"]
[Round "2"]
[White "grunbergmihai"]
[Black "natelleka"]
[Result "1-0"]
[WhiteElo "2416"]
[BlackElo "2184"]
[TimeControl "180+1"]
[EndTime "10:16:03 PDT"]
[Termination "grunbergmihai won by resignation"]

1. Nf3 d5 2. c4 c6 3. g3 Nf6 4. Bg2 Bf5 5. O-O h6 6. d3 e6 7.
cxd5 cxd5 8. Nc3 Be7 9. Qb3 b6 10. Rd1 Bh7 11. e4 Nc6 12. Qa4 Rc8 13. Ne5 Qc7 14. Bf4 Qb7 15. exd5 exd5 16. Nxd5 b5 17. Qb3 O-O 18. Nxc6 Nxd5 19. Nxe7+ Qxe7 20. Bxd5 Rfd8 21. Re1 Qf6 22. Be4 Bxe4 23. Rxe4 Kh7 24. Qxb5 Rc7 25.
Bxc7 Rc8 26. Qe5 Qc6 27. Qf5+ Kg8 28. Qxc8+ Kh7 29. Qf5+ Qg6 30. Qxg6+ Kxg6 31. Ra4 a6 32. Rxa6+ f6 33. b4 1-0

[Event "*** SCC Grand Prix: Titled Tuesday Blitz"]
[Site "Chess.com"]
[Date "2020.10.13"]
[Round "2"]
[White "realmadridtv"]
[Black "aisha_zakirova"]
[Result "1-0"]
[WhiteElo "2412"]
[BlackElo "2171"]
[TimeControl "180+1"]
[EndTime "10:16:03 PDT"]
[Termination "realmadridtv won by resignation"]

1. e4 c5 2. Nf3 d6 3. Nc3 Nf6 4. e5 Ng4 5. Bb5+ Bd7 6. e6 fxe6 7. Ng5 Nf6 8. Nxe6 Qb6 9. a4 Bxb5 10. Nxb5 Na6 11.
c4 g6 12. O-O Bh6 13. d4 Bxc1 14. Qxc1 cxd4 15. Re1 d3 16. Qg5 Kd7 17. a5 h6 18.
Qxg6 1-0

[Event "*** SCC Grand Prix: Titled Tuesday Blitz"]
[Site "Chess.com"]
[Date "2020.10.13"]
[Round "2"]
[White "GOGIEFF"]
[Black "Korchmar_Vasiliy"]
[Result "1-0"]
[WhiteElo "2873"]
[BlackElo "2570"]
[TimeControl "180+1"]
[EndTime "10:16:05 PDT"]
[Termination "GOGIEFF won by resignation"]

1. d4 Nf6 2. c4 e6 3. Nc3 Bb4 4. Qc2 b6 5. Bg5 Bb7 6. e3 h6 7.
Bh4 c5 8. Ne2 d5 9. a3 Bxc3+ 10.
Nxc3 cxd4 11. exd4 dxc4 12. O-O-O O-O 13. Bxc4 Nbd7 14. d5 exd5 15. Bxd5 Bxd5 16. Rxd5 Qc7 17. Rd2 Rac8 18. Kb1 Qc6 19. f3 Ne5 20. Re1 Nc4 21. Rd3 b5 22. Bxf6 Qxf6 23. Nd5 Qh4 24. g3 Qh5 25.
Ne7+ Kh8 26. Nxc8 Rxc8 27. Rc3 Rd8 28. Re2 Qh3 29. Ka2 Qf1 30. h4 g6 31. h5 Rd1 32.
hxg6 Ra1+ 33. Kb3 Rxa3+ 34. bxa3 Qa1 35. Rxc4 bxc4+ 36. Qxc4 1-0

[Event "*** SCC Grand Prix: Titled Tuesday Blitz"]
[Site "Chess.com"]
[Date "2020.10.13"]
[Round "2"]
[White "RestartingChess"]
[Black "BocharovD"]
[Result "1/2-1/2"]
[WhiteElo "2541"]
[BlackElo "2794"]
[TimeControl "180+1"]
[EndTime "10:16:05 PDT"]
[Termination "Game drawn by repetition"]

1. e4 c5 2. Nf3 e6 3. b3 b6 4. Bb2 Bb7 5. d3 Nf6 6. Be2 Be7 7. O-O O-O 8. h3 d5 9. exd5 Nxd5 10. Re1 Nc6 11. Nc3 Bf6 12. Nxd5 Bxb2 13. Rb1 Bd4 14. Nxd4 Nxd4 15. Ne3 Qg5 16. c3 Nxe2+ 17. Qxe2 Rad8 18. Rbd1 Rd7 19. Rd2 Rfd8 20. Red1 h5 21. d4 cxd4 22. Rxd4 Rxd4 23. Rxd4 Rxd4 24. cxd4 h4 25. Qc4 Qf4 26. Qa4 Qb8 27. Qd7 Qc8 28. Qe7 a5 29. Qxh4 Qc1+ 30.
Kh2 Qd2 31. Qd8+ Kh7 32. Ng4 Qf4+ 33. g3 Qf3 34. Qh4+ Kg8 35. Qd8+ Kh7 36. Qh4+ Kg8 37. Qd8+ Kh7 1/2-1/2

[Event "*** SCC Grand Prix: Titled Tuesday Blitz"]
[Site "Chess.com"]
[Date "2020.10.13"]
[Round "2"]
[White "lacafi"]
[Black "JosefineHeinemann"]
[Result "0-1"]
[WhiteElo "2123"]
[BlackElo "2635"]
[TimeControl "180+1"]
[EndTime "10:16:07 PDT"]
[Termination "JosefineHeinemann won by checkmate"]

1. d4 Nf6 2. Nf3 g6 3. c4 Bg7 4. Nc3 d5 5. cxd5 Nxd5 6. e4 Nxc3 7. bxc3 c5 8. Be2 Nc6 9. Be3 Bg4 10. e5 O-O 11.
O-O Rc8 12. h3 Bxf3 13. Bxf3 e6 14. Rb1 cxd4 15. cxd4 Qd7 16. Qa4 b6 17. Qb5 Rfd8 18. Rfd1 Na5 19. Qa6 Rc2 20. a4 Nc4 21. Bg5 Rc8 22. Be4 Rc3 23. Rbc1 Nb2 24. Rxc3 Rxc3 25. Rb1 Qxd4 26. Rxb2 Qxe4 27. Qxa7 Bxe5 28. Be3 Rc1+ 29. Bxc1 Qe1# 0-1

[Event "*** SCC Grand Prix: Titled Tuesday Blitz"]
[Site "Chess.com"]
[Date "2020.10.13"]
[Round "2"]
[White "shnitez"]
[Black "Alexsur1981"]
[Result "0-1"]
[WhiteElo "2525"]
[BlackElo "2772"]
[TimeControl "180+1"]
[EndTime "10:16:09 PDT"]
[Termination "Alexsur1981 won on time"]

1. c4 e6 2. Nf3 d5 3. e3 Nf6 4. Nc3 c6 5. b3 Nbd7 6. Qc2 Bd6 7. Bb2 Qe7 8. Rg1 Ba3 9. Bxa3 Qxa3 10. g4 O-O 11. g5 Ne8 12. h4 g6 13. h5 Ng7 14.
Be2 Nxh5 15. Nh2 Ng7 16. Ng4 Nf5 17. Bd3 dxc4 18. Bxf5 cxb3 19. Qd3 exf5 20. Nh6+ Kh8 21. Qd4+ f6 22. gxf6 Nxf6 23. e4 b2 24. Rb1 fxe4 25.
Nxe4 Qe7 26. d3 Bf5 27. Rxb2 Rad8 28. Qb4 Rde8 0-1

[Event "*** SCC Grand Prix: Titled Tuesday Blitz"]
[Site "Chess.com"]
[Date "2020.10.13"]
[Round "2"]
[White "Philosopherrr"]
[Black "karenzadita"]
[Result "0-1"]
[WhiteElo "2480"]
[BlackElo "2315"]
[TimeControl "180+1"]
[EndTime "10:16:11 PDT"]
[Termination "karenzadita won by resignation"]

1. Nf3 c5 2. e4 g6 3. d3 Bg7 4. g3 Nc6 5. Bg2 Nf6 6. O-O d6 7. Nbd2 O-O 8. Re1 Bg4 9. c3 Qd7 10. Nf1 Bh3 11. Bh1 b5 12. Ne3 a5 13. Ng5 Rfc8 14.
Nxh3 Qxh3 15. Bg2 Qd7 16. d4 cxd4 17. cxd4 Rab8 18. a3 b4 19. a4 b3 20. Ra3 Qa7 21. e5 dxe5 22. dxe5 Nxe5 23. Rxb3 Rd8 24. Rxb8 Qxb8 25.
Qc2 Nd3 26. Rd1 Nb4 27. Rxd8+ Qxd8 28. Qc4 h5 29. h3 Nd7 30. Nd5 Ne5 31. Qb5 Nxd5 32.
Qxd5 Qxd5 33. Bxd5 e6 34. Be4 f5 35. Bc2 Kf7 36. Bd2 Nf3+ 0-1

[Event "*** SCC Grand Prix: Titled Tuesday Blitz"]
[Site "Chess.com"]
[Date "2020.10.13"]
[Round "2"]
[White "kinga2008"]
[Black "Snegokhod"]
[Result "0-1"]
[WhiteElo "2174"]
[BlackElo "2411"]
[TimeControl "180+1"]
[EndTime "10:16:11 PDT"]
[Termination "Snegokhod won by resignation"]

1. e4 c5 2. Nf3 d6 3. c3 Nf6 4.
Bd3 e5 5. Bc2 Be7 6. O-O O-O 7. d4 Nbd7 8. Bg5 h6 9. Bh4 Nh5 10.
Bxe7 Qxe7 11. Na3 Nf4 12. Nc4 Nb6 13. Ne3 Be6 14. Bb3 c4 15. Bc2 f6 16. dxe5 fxe5 17. Nf5 Bxf5 18. exf5 d5 19. Re1 e4 20. Nd4 Qg5 21. g3 Nd3 22. Bxd3 cxd3 23. b3 Rxf5 24. Nxf5 Qxf5 25. Qd2 Rf8 26. Re3 Nd7 27. f3 Ne5 28.
fxe4 dxe4 29. Rae1 Nf3+ 30. Rxf3 Qxf3 31. c4 h5 32. c5 h4 33. gxh4 Rf4 34. h3 Qg3+ 35. Kh1 Rf2 0-1

[Event "*** SCC Grand Prix: Titled Tuesday Blitz"]
[Site "Chess.com"]
[Date "2020.10.13"]
[Round "2"]
[White "nochewycandy"]
[Black "Smirnov_Pavel"]
[Result "0-1"]
[WhiteElo "2552"]
[BlackElo "2831"]
[TimeControl "180+1"]
[EndTime "10:16:12 PDT"]
[Termination "Smirnov_Pavel won by resignation"]

1. e4 c5 2. b3 Nf6 3. e5 Nd5 4. Bb2 g6 5. Qf3 Nb4 6. Na3 Bg7 7. h4 N8c6 8. e6 O-O 9. Bxg7 Kxg7 10. Qc3+ f6 11.
exd7 Qxd7 12. Qxc5 b6 13. Qc3 Bb7 14. h5 Rac8 15. Nf3 a5 16. Bc4 Qf5 17. hxg6 hxg6 18. Qe3 Rh8 19. O-O-O e5 20. Qxb6 Qd7 21. Kb2 e4 22.
Nh4 Ne5 23. Qxb4 axb4 24. Nb5 Nxc4+ 25. bxc4 Rxc4 0-1

[Event "*** SCC Grand Prix: Titled Tuesday Blitz"]
[Site "Chess.com"]
[Date "2020.10.13"]
[Round "2"]
[White "DrMamaliga"]
[Black "temus_galaktionov"]
[Result "0-1"]
[WhiteElo "2359"]
[BlackElo "2630"]
[TimeControl "180+1"]
[EndTime "10:16:12 PDT"]
[Termination "temus_galaktionov won by resignation"]

1. c4 c6 2. Nc3 g6 3. d4 d6 4. e4 Nd7 5. g3 Bg7 6. Bg2 e5 7. Nf3 Ngf6 8. O-O O-O 9. b3 Re8 10. h3 Qb6 11. Be3 Qa5 12. Qc2 exd4 13. Nxd4 Nc5 14.
Rfe1 Bd7 15. Rad1 Rad8 16. f4 Bc8 17. Bf2 a6 18. Re2 h5 19. Red2 Qc7 20. b4 Ne6 21.
Nxe6 Bxe6 22. c5 dxc5 23. bxc5 Rxd2 24. Qxd2 Qa5 25. e5 Nd7 26. Ne4 Qxd2 27. Rxd2 Rb8 28. a4 b6 29. cxb6 Nxb6 30. Nc5 Nc4 31. Rc2 Rb1+ 32.
Kh2 Bd5 33. Nxa6 Ra1 34. Nc5 Bf8 35. Ne4 Be7 36. Nc3 Bxg2 37. Kxg2 f6 38. exf6 Bd8 39. Ra2 Rxa2 40. Nxa2 Bxf6 41. Nb4 Na5 42. Bb6 Nc4 43. Bc7 c5 44. a5 cxb4 0-1

[Event "*** SCC Grand Prix: Titled Tuesday Blitz"]
[Site "Chess.com"]
[Date "2020.10.13"]
[Round "2"]
[White "Beltraxtor"]
[Black "emiliocordova"]
[Result "0-1"]
[WhiteElo "2551"]
[BlackElo "2830"]
[TimeControl "180+1"]
[EndTime "10:16:14 PDT"]
[Termination "emiliocordova won by resignation"]

1. e4 c5 2. Nf3 Nc6 3. Bb5 e6 4. O-O Nge7 5. d4 cxd4 6. Nxd4 a6 7. Nxc6 Nxc6 8. Be2 Bc5 9. c4 O-O 10. Nc3 f5 11.
Kh1 f4 12. f3 Qh4 13. Qe1 Qh5 14. g3 e5 15. Nd5 Nd4 16. gxf4 Nc2 17. Qa5 d6 18. b4 Bd4 19. Rb1 Bh3 20. Bd2 b5 21.
Rbc1 Kh8 22. f5 g6 23. Rxc2 Bxf1 24. Bxf1 Qxf3+ 0-1

[Event "*** SCC Grand Prix: Titled Tuesday Blitz"]
[Site "Chess.com"]
[Date "2020.10.13"]
[Round "2"]
[White "Oglob71"]
[Black "Rozum_Ivan"]
[Result "0-1"]
[WhiteElo "2506"]
[BlackElo "2737"]
[TimeControl "180+1"]
[EndTime "10:16:15 PDT"]
[Termination "Rozum_Ivan won by resignation"]

1. d4 d5 2. Nf3 c6 3. c4 Nf6 4. e3 g6 5. Nc3 Bg7 6. b4 O-O 7. Bb2 Bg4 8. h3 Bxf3 9. Qxf3 e6 10. Qd1 Nbd7 11. Qb3 a6 12. a4 dxc4 13. Bxc4 Nd5 14. O-O Qb6 15. b5 axb5 16. axb5 Nxc3 17. Bxc3 c5 18.
d5 Bxc3 19. Qxc3 e5 20. Qd3 Qd6 21. e4 Nb6 22. Qc3 Rxa1 23. Rxa1 Ra8 24. Rxa8+ Nxa8 25. Qa5 Nb6 26. Be2 c4 27. Qc3 Qc7 28. h4 f6 29. h5 Qc5 30. Bg4 Kf7 31. Be6+ Ke7 32. hxg6 hxg6 33. Qh3 Qc7 34. Bg8 Qd7 35. Qh7+ Kf8 36.
Qxg6 Qg7 37. Qf5 c3 38. Qe6 c2 39. Qd6+ Qe7 40. Qxb6 c1=Q+ 41. Kh2 Kxg8 42. g3 Qcc5 43. Qxb7 0-1

[Event "*** SCC Grand Prix: Titled Tuesday Blitz"]
[Site "Chess.com"]
[Date "2020.10.13"]
[Round "2"]
[White "Balla_Tamas"]
[Black "Mbneu"]
[Result "1-0"]
[WhiteElo "2455"]
[BlackElo "2243"]
[TimeControl "180+1"]
[EndTime "10:16:15 PDT"]
[Termination "Balla_Tamas won by resignation"]

1. d4 Nf6 2. c4 c5 3. d5 e6 4. Nc3 exd5 5. cxd5 d6 6. Nf3 g6 7. Nd2 Nbd7 8. Nc4 Nb6 9. e4 Bg7 10. Bf4 Nxc4 11. Bxc4 a6 12. a4 O-O 13. O-O Re8 14.
Re1 Ng4 15. h3 Ne5 16. Bf1 f5 17. Bh2 fxe4 18. Nxe4 Bf5 19. Qb3 Rb8 20. a5 c4 21.
Qb4 Nd3 22. Bxd3 cxd3 23. Nxd6 Rxe1+ 24. Rxe1 Bf8 25. g4 d2 26. Rd1 Qh4 27. Qxd2 Bxd6 28. Bxd6 Rd8 29. Bg3 Qxh3 30. gxf5 Qxf5 31. d6 Rd7 32. Qe3 h5 33. Qe8+ Kh7 34. Re1 h4 35. Re7+ Rxe7 36. Qxe7+ Kg8 37. Qxh4 Qb1+ 38. Kh2 1-0